 Dungeon Crawl Stone Soup version 0.29-a0-557-g43b9904bd1 (webtiles) character file.

Game seed: 5860583820757870775

37 DocClef the Covert (level 3, -9/35 HPs)
             Began as a Gnoll Delver on June 8, 2022.
             Mangled by an ogre
             ... wielding a +0 giant club
              (15 damage)
             ... on level 5 of the Dungeon.
             The game lasted 00:00:12 (213 turns).

DocClef the Covert (Gnoll Delver)                    Turns: 213, Time: 00:00:13

Health: -9/35      AC:  3    Str: 11    XL:     3   Next: 41%
Magic:  2/4        EV: 13    Int:  9    God:
Gold:   35         SH:  0    Dex: 15    Spells: 3/3 levels left

rFire   . . .      SeeInvis .   a - +0 short sword
rCold   . . .      Faith    .   (no shield)
rNeg    . . .      Spirit   .   b - +0 leather armour
rPois   .          Reflect  .   (no helmet)
rElec   .          Harm     .   (no cloak)
rCorr   .          Rampage  .   (no gloves)
Will    .....                   (no boots)
Stlth   ++++......              (no amulet)
HPRegen 0.11/turn               (no ring)
MPRegen 0.09/turn               (no ring)

@: no status effects
A: fangs 1, strong nose, distributed training
a: no special abilities


You were on level 5 of the Dungeon.
You visited 1 branch of the dungeon, and saw 1 of its levels.

You collected 35 gold pieces.

Inventory:

Hand Weapons
 a - a +0 short sword (weapon)
Armour
 b - a +0 leather armour (worn)
Wands
 g - a wand of digging (3)
Scrolls
 c - a scroll of fog
 d - a scroll of magic mapping
 e - a scroll of fear
 i - 2 scrolls of identify {unknown}
 k - a scroll of enchant armour {unknown}
Potions
 f - a potion of haste
 h - a potion of degeneration {unknown}
 j - a potion of curing {unknown}
 l - a potion of attraction {unknown}


   Skills:
 + Level 6.5 Fighting
 + Level 4.5 Short Blades
 + Level 0.8 Long Blades
 + Level 0.8 Axes
 + Level 0.8 Maces & Flails
 + Level 0.8 Polearms
 + Level 0.8 Staves
 + Level 0.8 Slings
 + Level 0.8 Bows
 + Level 0.8 Crossbows
 + Level 0.8 Throwing
 + Level 0.8 Armour
 + Level 4.5 Dodging
 + Level 9.6 Stealth
 + Level 0.8 Shields
 + Level 0.8 Unarmed Combat
 + Level 0.8 Spellcasting
 + Level 0.5 Conjurations
 + Level 0.5 Hexes
 + Level 0.5 Summonings
 + Level 0.5 Necromancy
 + Level 0.5 Translocations
 + Level 0.5 Transmutations
 + Level 0.5 Fire Magic
 + Level 0.5 Ice Magic
 + Level 0.5 Air Magic
 + Level 0.5 Earth Magic
 + Level 0.5 Poison Magic
 + Level 1.0 Invocations
 + Level 0.8 Evocations


You had 3 spell levels left.
You didn't know any spells.
Your spell library was empty.

Dungeon Overview and Level Annotations

Branches:
Dungeon (5/15)
 Temple: D:4-7

Altars:


Innate Abilities, Weirdness & Mutations

You have very sharp teeth.
Your uncanny sense of smell can sniff out nearby items.
Your experience applies equally to all skills.


Message History

The helpless orc fails to defend itself.
You impale the orc!!
You kill the orc!
The necrophage closely misses you.
Your Invocations skill increases to level 1!
You hit the ogre.
The ogre is lightly wounded.
The ogre barely misses you.
You hit the ogre but do no damage.
The ogre is lightly wounded.
You hit the ogre.
The ogre is moderately wounded.
The orc shouts!
The ogre misses you.
You hit the ogre.
The ogre is heavily wounded.
You hit the ogre. You bite the ogre.
The ogre is severely wounded.
The ogre hits you with a +0 giant club!!
Ouch! That really hurt!
You hit the ogre.
The ogre is almost dead.
The ogre hits you with a +0 giant club!
* * * LOW HITPOINT WARNING * * *
You barely miss the ogre.
The ogre is almost dead.
An ogre comes into view. It is wielding a +0 giant spiked club.
You barely miss the ogre.
The ogre is almost dead.
The ogre closely misses you.
The ogre shouts!
You hit the ogre but do no damage.
The ogre is almost dead.
You barely miss the ogre.
The ogre is almost dead.
The ogre barely misses you.
You hit the ogre but do no damage. You bite the ogre.
The ogre is almost dead.
The ogre hits you with a +0 giant club!
You die...

##..##
####..###.#
##...........
#..##...###..
. #.###.#.#∆ #
#.# #.###...#
#.
#..#....###...
#....#.#∆ .# ∆
#.....@##.#.
#.#.###Oo#
#...#).o#O#
#.#..###.. .#
#..##.. .##.
.# ##. #.. .
∆#. .#∆ #. ..
.. # ## .# ∆#


You could see 2 ogres and 2 orcs.

Vanquished Creatures
  A hound (D:5)
  An ufetubus (D:5)
  An orc (D:5)
3 creatures vanquished.

Notes
Turn   | Place    | Note
-------+----------+-------------------------------------------
     0 | D:5      | Reached skill level 9 in Stealth
     0 | D:5      | DocClef the Gnoll Delver began the quest for the Orb.
     0 | D:5      | Reached XP level 1. HP: 23/23 MP: 1/1
   198 | D:5      | Noticed a hound
   198 | D:5      | Noticed a necrophage
   198 | D:5      | Noticed an ogre
   200 | D:5      | Killed a hound
   201 | D:5      | Reached XP level 2. HP: 29/29 MP: 1/3
   201 | D:5      | Reached XP level 3. HP: 35/35 MP: 1/4
   202 | D:5      | Reached skill level 1 in Invocations
   209 | D:5      | Noticed an ogre
   213 | D:5      | Mangled by an ogre

Illustrated notes

Levels and vault maps discovered:
D:5:      layout_layer_cave, mainiacjoe_overflow_swirl, minmay_starry_boxes

Skill      XL: |  1  2  3 |
---------------+----------+-----
Stealth        | |  9.6
Invocations    | 1 |  1.0
Fighting       | |  6.5
Short Blades   | |  4.5
Long Blades    | |  0.8
Axes           | |  0.8
Maces & Flails | |  0.8
Polearms       | |  0.8
Staves         | |  0.8
Slings         | |  0.8
Bows           | |  0.8
Crossbows      | |  0.8
Throwing       | |  0.8
Armour         | |  0.8
Dodging        | |  4.5
Shields        | |  0.8
Unarmed Combat | |  0.8
Spellcasting   | |  0.8
Conjurations   | |  0.5
Hexes          | |  0.5
Summonings     | |  0.5
Necromancy     | |  0.5
Translocations | |  0.5
Transmutations | |  0.5
Fire Magic     | |  0.5
Ice Magic      | |  0.5
Air Magic      | |  0.5
Earth Magic    | |  0.5
Poison Magic   | |  0.5
Evocations     | |  0.8

Action                   || total
-------------------------++-------
Melee: Short sword       ||    15
       Bite              ||     2
 Stab: Sleeping          ||     2
Dodge: Dodged            ||     8

Table legend: (Time is in decaauts)
 A = Elapsed time spent in this place.
 B = Non-inter-level travel time spent in this place.
 C = Inter-level travel time spent in this place.
 D = Time resting spent in this place.
 E = Time spent auto-exploring this place.
 F = Levels seen in this place.
 G = Mean time per level.
                   A        B        C        D        E       F      G
               +--------+--------+--------+--------+--------+-----+--------+
         Total |    211 |    211 |      0 |      0 |    180 |   1 |  211.0 |
       Dungeon |    211 |    211 |      0 |      0 |    180 |   1 |  211.0 |
               +--------+--------+--------+--------+--------+-----+--------+

Top non-repeatable levels by time:
     D:5: 211 daAuts
